Map: Orbital Shipyard

Players

TedTheoLogan

  • Race: Zerg Zerg
  • League: Grandmaster

wabbajack - Winner!

  • Race: Zerg Zerg
  • League: Grandmaster

VOD

Have the link to the VOD?

Description

Time

  • Played on: July 15, 2015, 1:50 p.m.
  • Length: 6:01
Show
View Real Time Build Order
Export as new Build Order

TedTheoLogan Zerg 

Build Orders: Hatch First 

Get SALT Encoding   

  12  0:02  Drone  
  13  0:09  Drone  
  14  0:35  Hatchery  
  13  0:37  Drone  
  14  0:45  Drone, Extractor  
  14  0:46  Extractor  
  13  0:50  Drone  
  15  1:05  Spawning Pool  
  14  1:12  Overlord  
  15  1:32  Drone x2  
  15  1:33  Drone  
  17  1:44  Drone  
  18  1:51  Metabolic Boost  
  18  1:54  Queen  
  18  1:59  Zergling x2  
  21  2:02  Zergling x2  
  22  2:11  Queen  
  24  2:19  Drone x2  
  26  2:29  Drone x2  
  28  2:32  Overlord  
  28  2:46  Roach Warren  
  28  2:51  Drone x3  
  30  2:53  Drone  
  31  3:00  Drone  
  31  3:02  Drone x2  
  34  3:14  Overlord  
  34  3:15  Drone x2  
  34  3:19  Overlord  
  36  3:26  Overlord  
  36  3:31  Overlord  
  36  3:41  Roach x5  
  45  3:50  Drone x4, Extractor  
  48  3:57  Roach  
  48  3:58  Roach  
  52  4:05  Ravager x2  
  54  4:10  Zergling x4  
  56  4:17  Drone x2  
  56  4:18  Drone x2  
  56  4:22  Overlord x2  
  60  4:31  Roach  
  60  4:32  Roach x2  
  66  4:43  Lair  
  66  4:45  Extractor  
  66  4:46  Zergling x10  
  70  4:55  Drone  
  70  4:56  Drone x7  
  78  5:11  Hatchery  
  78  5:12  Overlord, Zergling x2  
  78  5:27  Zergling x2  
  78  5:28  Zergling x18  
  69  5:36  Zergling x2  
Show
View Real Time Build Order
Export as new Build Order

wabbajack Zerg - Winner!

Build Orders: Hatch First 

Get SALT Encoding   

  12  0:01  Drone  
  13  0:14  Overlord  
  13  0:19  Drone  
  14  0:23  Drone, Extractor  
  15  0:34  Drone  
  16  0:36  Drone  
  17  0:57  Hatchery  
  17  0:59  Drone  
  17  1:02  Drone  
  18  1:05  Extractor  
  17  1:14  Drone  
  18  1:19  Drone  
  19  1:27  Spawning Pool  
  18  1:33  Drone  
  19  1:43  Overlord  
  19  1:52  Drone  
  20  2:05  Drone  
  21  2:12  Drone  
  21  2:15  Queen  
  24  2:16  Queen  
  24  2:17  Metabolic Boost  
  26  2:27  Zergling x2  
  26  2:28  Drone  
  26  2:29  Drone  
  29  2:31  Drone  
  30  2:40  Drone  
  31  2:48  Roach Warren  
  30  2:57  Queen  
  32  2:59  Drone  
  32  3:01  Overlord  
  32  3:02  Overlord  
  33  3:10  Extractor  
  33  3:12  Drone  
  33  3:32  Roach  
  33  3:33  Roach x2  
  39  3:43  Roach  
  39  3:44  Roach x4  
  39  3:47  Roach  
  51  3:49  Overlord x2  
  51  3:57  Drone  
  51  4:01  Drone, Spine Crawler  
  51  4:39  Zergling x2  
  51  4:40  Zergling x26  
  51  4:45  Overlord  
  65  4:48  Ravager x3  
  68  5:09  Zergling x4  
  68  5:10  Zergling x12  
  62  5:39  Zergling x28  
Tags
 
Add a new tag
Caveats
  • Supply blocks, unpowered buildings, or Contaminate may cause inaccurate times.
  • Supply counts are checked every 10 seconds.